 Dungeon Crawl Stone Soup version 0.20-a0-1000-g0e8f6bb (webtiles) character file.

252 Monsterracer the Firebug (level 5, -1/28 HPs)
             Began as a Deep Elf Fire Elementalist on Apr 12, 2017.
             Was a Follower of Vehumet.
             Slain by an orc
             ... wielding a +0 club
              (2 damage)
             ... on level 3 of the Dungeon.
             The game lasted 00:10:37 (3631 turns).

Monsterracer the Firebug (DEFE)                     Turns: 3631, Time: 00:10:38

Health: -1/28      AC:  4    Str:  5    XL:     5   Next: 89%
Magic:  14/14      EV: 13    Int: 21    God:    Vehumet [*.....]
Gold:   243        SH:  0    Dex: 15    Spells: 5/13 levels left

rFire    . . .     SeeInvis .   l - -1 quarterstaff (curse)
rCold    + . .     Gourm    .   (shield currently unavailable)
rNeg     + . .     Faith    +   a - +1 robe
rPois    .         Spirit   .   (no helmet)
rElec    .         Reflect  .   m - scarf {rC+}
rCorr    .         Harm     .   (no gloves)
MR       .....                  h - +0 pair of boots
Stlth    ++........             n - amulet of faith
Regen    0.1/turn               d - ring of positive energy
MPRegen  0.2/turn               (no ring)

@: no status effects
A: no striking features
a: Renounce Religion


You were on level 3 of the Dungeon.
You worshipped Vehumet.
Vehumet was aware of your devotion.
You were near starving.

You visited 1 branch of the dungeon, and saw 4 of its levels.

You collected 243 gold pieces.

Inventory:

Hand Weapons
 k - a +4 dagger of protection
 l - a cursed -1 quarterstaff (weapon)
Armour
 a - a +1 robe (worn)
 h - a +0 pair of boots (worn)
 m - a scarf of cold resistance (worn)
Jewellery
 d - a ring of positive energy (left hand)
 n - an amulet of faith (around neck)
Scrolls
 i - 3 scrolls of identify
 j - 2 scrolls of teleportation
 p - a scroll of enchant armour
Books
 b - a book of Flames

   Spells                             Type                      Level
   a - Flame Tongue                   Conjuration/Fire             1
   b - Throw Flame                    Conjuration/Fire             2
   c - Conjure Flame                  Conjuration/Fire             3
   d - Inner Flame                    Hexes/Fire                   3
   e - Sticky Flame                   Conjuration/Fire             4
   f - Fireball                       Conjuration/Fire             5
Comestibles
 c - 3 bread rations
 f - 3 meat rations
 g - 11 fruits


   Skills:
 - Level 2.4 Dodging
 - Level 2.4 Stealth
 + Level 4.7 Spellcasting
 * Level 4.1 Conjurations
 * Level 5.1 Fire Magic


You had 5 spell levels left.
You knew the following spells:

 Your Spells              Type           Power        Failure   Level  Hunger
a - Flame Tongue          Conj/Fire      ###..        1%          1    None
b - Conjure Flame         Conj/Fire      ###.....     6%          3    ##.....
c - Sticky Flame          Conj/Fire      ###.....     21%         4    ####...


Dungeon Overview and Level Annotations

Branches:
Dungeon (4/15)             Temple (0/1) D:4

Altars:
Ashenzari
Hepliaklqana
Nemelex Xobeh
Vehumet
Yredelemnul

Annotations:
D:4 barbarian's ghost, novice DrBe


Message History

Vehumet accepts your kill. Something hits you. The orc closely misses you.
The orc misses you. Something hits you.
You completely miss something. The orc hits you with a club.
Something hits you.
* * * LOW HITPOINT WARNING * * *
The orc closely misses you. The orc barely misses you.
You aren't carrying any potions.
You hit the orc.
The orc is severely wounded.
You feel less confused. Something hits you.
* * * LOW HITPOINT WARNING * * *
The orc closely misses you. The orc misses you.
You barely miss the orc.
The orc is severely wounded.
You hear some strange, mumbled words.
Something tries to affect you, but you resist.
The orc hits you with a club.
You die...

#...<.# ###'##### ###### #.....#
#....# #.....# ####
#.(..###.....# #...
#....##......####### #...
#....##......##....# #...
#....##......##.o..# ###...
#............##@o..########.....
#.....##..........).........####
##.....#####.................#...
##......#.##.........######..#...
###'##...#)#.######'## ##..#...
.)...#.##....# #.# #...#...
.....#.......######.# ###.####
.....#..............########.o.o.
.....+...........................


You could see 2 orcs.

Vanquished Creatures
  A scorpion (D:4)
  2 worker ants (D:3)
  8 adders
  4 worms
  2 dart slugs (D:1)
  3 leopard geckos
  2 orcs (D:3)
  2 ball pythons (D:3)
  5 bats
  5 giant cockroaches
  5 goblins
  4 hobgoblins
  6 jackals
  A quokka (D:2)
  8 frilled lizards
  3 kobolds
  A leopard gecko skeleton (D:4)
  7 rats
69 creatures vanquished.

Notes
Turn   | Place    | Note
-------+----------+-------------------------------------------
     0 | D:1      | Monsterracer the Deep Elf Fire Elementalist began the quest for the Orb.
     0 | D:1      | Reached XP level 1. HP: 10/10 MP: 6/6
   384 | D:1      | Reached XP level 2. HP: 12/15 MP: 2/8
  1183 | D:2      | Learned a level 1 spell: Flame Tongue
  1313 | D:2      | Found a sparkling altar of Nemelex Xobeh.
  1331 | D:2      | Found a shattered altar of Ashenzari.
  1333 | D:2      | Found a basalt altar of Yredelemnul.
  1333 | D:2      | Found a radiant altar of Vehumet.
  1344 | D:2      | Reached XP level 3. HP: 16/19 MP: 10/10
  1349 | D:2      | Learned a level 3 spell: Conjure Flame
  1349 | D:2      | Became a worshipper of Vehumet
  1768 | D:2      | Reached skill level 4 in Fire Magic
  2091 | D:2      | Reached XP level 4. HP: 24/24 MP: 9/11
  2113 | D:2      | Learned a level 4 spell: Sticky Flame
  2517 | D:3      | Reached * piety under Vehumet
  2517 | D:3      | Offered knowledge of Sting by Vehumet.
  2517 | D:3      | Reached XP level 5. HP: 28/28 MP: 9/13
  2577 | D:3      | Found a hazy altar of Hepliaklqana.
  3297 | D:3      | Found a faded altar of an unknown god.
  3373 | D:4      | Reached skill level 5 in Fire Magic
  3464 | D:4      | Found a staircase to the Ecumenical Temple.
  3477 | D:4      | Noticed barbarian's ghost (novice DrBe)
  3630 | D:3      | HP: 1/28 [something (6)]
  3631 | D:3      | Slain by an orc

Vault maps used:
D:1:      co_arrival_random_square_maze, hangedman_decor_riveting
D:2:      grunt_temple_overflow_open, serial_forest,
          infiniplex_forest_straight_2, infiniplex_forest_pool,
          infiniplex_forest_zigzag_1, infiniplex_forest_lined_3_way,
          infiniplex_forest_lined_room_2, infiniplex_forest_end_1,
          infiniplex_forest_lined_2
D:3:      lemuel_round_altar, chequers_ecumenical_altar_simple_redux,
          st_stairs_7, minmay_misc_feat_square, nrook_mini_vaults
D:4:      kennysheep_mini, minmay_temple_entry_statues_pillars, serial_shops,
          shop, chei_slow_surprise

Skill      XL: |  1  2  3  4  5 |
---------------+----------------+-----
Conjurations   | 2 3 4 |  4.1
Fire Magic     | 4 5 |  5.1
Spellcasting   | 4 |  4.7
Dodging        | |  2.4
Stealth        | |  2.4

Action                   |  1- 3 |  4- 6 || total
-------------------------+-------+-------++-------
Melee: Unarmed           |     2 |       ||     2
       Dagger            |     4 |    10 ||    14
       Quarterstaff      |       |     8 ||     8
 Cast: Flame Tongue      |    63 |    75 ||   138
       Sticky Flame      |       |     3 ||     3
  Use: Scroll            |     6 |     3 ||     9
       Potion            |     4 |     4 ||     8
  Eat: Chunk             |     3 |     2 ||     5
       Royal jelly       |       |     1 ||     1
Armor: Robe              |    10 |     6 ||    16
Dodge: Dodged            |    16 |    24 ||    40
